 Dungeon Crawl Stone Soup version 0.17.1-3-g152610e (webtiles) character file.

16543 inmateoo the Cleaver (level 12, -6/76 HPs)
             Began as a Gargoyle Chaos Knight on Mar 2, 2016.
             Killed from afar by a molten gargoyle (15 damage)
             ... with a bolt of magma
             ... on level 12 of the Dungeon.
             The game lasted 00:23:58 (12094 turns).

inmateoo the Cleaver (Gargoyle Chaos Knight)       Turns: 12094, Time: 00:23:58

Health: -6/76      AC: 24    Str: 21    XL:     12   Next: 38%
Magic:  30/30      EV: 13    Int: 15    God:    Xom [.....*]
Gold:   782        SH:  0    Dex:  9    Spells: 0 memorised, 11 levels left

rFire  . . .     SeeInvis +     B - +8 war axe of Fortitude {chop, MP+9}
rCold  . . .     Clarity  .     E - +2 ring mail "Tofot" {Regen+}
rNeg   + . .     SustAt   .     (no shield)
rPois  ∞         Gourm    .     o - +2 hat {MR+}
rElec  +         Spirit   .     b - +0 cloak
rCorr  .         Warding  .     A - +1 pair of gloves
rMut   .         Stasis   .     (no boots)
MR     +....                    (no amulet)
Stlth  ..........               C - ring of see invisible
                                i - ring of magical power

@: somewhat resistant to hostile enchantments, extremely unstealthy
A: clever 1, negative energy resistance 1, shaggy fur 1, electricity resistance,
unbreathing, petrification resistance, rot immunity, AC +8
a: Renounce Religion


You were on level 12 of the Dungeon.
You worshipped Xom.
You were Xom's teddy bear.
You were not hungry.

You visited 1 branch of the dungeon, and saw 12 of its levels.
You also visited: Ossuary and Ice Cave.

You collected 782 gold pieces.

Inventory:

Hand Weapons
 t - a +0 morningstar
 B - the +8 war axe of Fortitude (weapon) {chop, MP+9}
   (You found it on level 9 of the Dungeon)

   It inflicts extra damage upon your enemies.
   It affects your magic capacity (+9).
Armour
 b - a +0 cloak (worn)
 m - a +1 chain mail
 o - a +2 hat of magic resistance (worn)
 A - a +1 pair of gloves (worn)
 E - the +2 ring mail "Tofot" (worn) {Regen+}
   (You found it on level 7 of the Dungeon)

   It increases your rate of regeneration.
Jewellery
 i - a ring of magical power (left hand)
 k - an uncursed ring of fire
 C - a ring of see invisible (right hand)
Wands
 a - a wand of paralysis (15)
 y - a wand of flame (14)
 F - a wand of fire (2)
Scrolls
 d - 3 scrolls of teleportation
 e - 7 scrolls of magic mapping
 f - a scroll of recharging
 h - 8 scrolls of remove curse
 l - 2 scrolls of identify
 n - 3 scrolls of fear
 v - a scroll of enchant weapon
 w - a scroll of enchant armour
 x - a scroll of amnesia
 D - 3 scrolls of fog
 I - 2 scrolls of blinking
Potions
 q - 4 potions of flight
 z - a potion of agility
 H - a potion of berserk rage
Books
 r - a book of Clouds

   Spells                             Type                      Level
   a - Mephitic Cloud                 Conjuration/Poison/Air       3
   b - Conjure Flame                  Conjuration/Fire             3
   c - Poisonous Cloud                Conjuration/Poison/Air       6
   d - Freezing Cloud                 Conjuration/Ice/Air          6
   e - Ring of Flames                 Charms/Fire                  7
 s - a book of Annihilations

   Spells                             Type                      Level
   a - Poison Arrow                   Conjuration/Poison           6
   b - Chain Lightning                Conjuration/Air              8
   c - Lehudib's Crystal Spear        Conjuration/Earth            8
   d - Glaciate                       Conjuration/Ice              9
   e - Fire Storm                     Conjuration/Fire             9
 u - a book of Changes

   Spells                             Type                      Level
   a - Beastly Appendage              Transmutation                1
   b - Sticks to Snakes               Transmutation                2
   c - Spider Form                    Transmutation/Poison         3
   d - Ice Form                       Ice/Transmutation            4
   e - Blade Hands                    Transmutation                5
Miscellaneous
 K - an ornate deck of summoning
Comestibles
 c - 11 bread rations
 g - 5 meat rations
 j - 9 fruits
 p - 3 beef jerkies
 G - 9 slices of pizza
 J - 8 chunks of flesh


   Skills:
 + Level 9.4 Fighting
 * Level 11.1(12.3) Axes
 - Level 10.1(12.4) Maces & Flails
 - Level 7.6 Armour
 - Level 5.9 Dodging


You had 11 spell levels left.
You didn't know any spells.

Dungeon Overview and Level Annotations

Branches:
Dungeon (12/15)            Temple (0/1) D:4            Lair (0/8) D:8
    Orc (0/4) D:9

Altars:
Ashenzari
Dithmenos
Qazlal
Sif Muna
Trog
Vehumet
Xom
Yredelemnul

Shops:
D:6 =

Annotations:
D:4 Duvessa


Innate Abilities, Weirdness & Mutations

You are resistant to torment.
Your stone body is resilient (AC +8).
You are immune to poison.
You resist negative energy.
You are resistant to electric shocks.
You can survive without breathing.
You are immune to petrification.
You are immune to rotting.
Your mind is acute. (Int +2)
You are covered in fur (AC +1).


Message History

The bolt of magma misses you.
Xom thinks this is hilarious!
The lava snake bites you but does no damage.
Unknown command.
The molten gargoyle blasts magma at you!
The bolt of magma hits you!
* * * LOW HITPOINT WARNING * * *
The lava snake spits lava at you. The glob of lava hits you!
Unknown command.
Unknown command.
The molten gargoyle blasts magma at you!
The bolt of magma hits you!
* * * LOW HITPOINT WARNING * * *
Unknown command.
The molten gargoyle blasts magma at you!
The bolt of magma hits the molten gargoyle.
The molten gargoyle partially resists.
The bolt of magma hits you!
You die...
Xom giggles madly!

####...## #(#
#......###
####'###
#.##.#...#
#.......
#.#.##...#
#.......
#.##(#...#
+.......
#.#)##...+
#...?...
#.)).....#
#.......
##....<..#
########
#####@#####
#...
#.#.#.#.#.#
#####'##
#.#.#.#9#9+
#.......
..§≈§≈9..#..#
#.......
.≈≈≈≈≈S.#...#
+.......
.§≈§≈§9§.#..+
#.......
§≈≈88≈§S#...#
#.......
.≈≈88§§..#..#
#......^
≈§≈§≈§§.# ..#
#.......


You could see 4 molten gargoyles, a lava snake and an adder.

Vanquished Creatures
  Gastronok (D:10)
  Harold (D:10)
  A centaur warrior (D:9)
  Nergalle (D:10)
  An unseen horror (D:12)
  Pikel (D:7)
  3 hill giants
  A cyclops (D:12)
  A centaur zombie (D:9)
  A fire drake (D:8)
  2 polar bears (D:10)
  Grinder (D:6)
  3 trolls
  12 yaks (D:10)
  A spriggan (D:9)
  2 deep elf magi (D:11)
  A wyvern (D:5)
  A hungry ghost (D:11)
  3 sky beasts
  3 ogres
  A water moccasin (D:9)
  3 black bears
  6 orc warriors
  6 ice beasts (IceCv)
  A wasp (D:11)
  A phantom (D:11)
  8 centaurs
  2 big kobolds
  A crocodile (D:11)
  An elf zombie (Ossuary)
  A gnoll sergeant (D:7)
  8 giant frogs
  A wyvern zombie (D:11)
  3 scorpions
  9 killer bees
  Dowan (D:4)
  A quasit (D:12)
  5 hounds
  2 crimson imps
  A giant frog zombie (D:9)
  3 iguanas
  A centaur skeleton (D:4)
  2 giant frog skeletons
  4 human zombies (Ossuary)
  5 orc priests
  2 jellies (D:6)
  7 orc wizards
  11 worker ants
  A killer bee zombie (D:6)
  2 big kobold zombies (Ossuary)
  A hound skeleton (D:7)
  2 mummies (Ossuary)
  8 gnolls
  12 adders
  A river rat (D:2)
  A shadow imp (D:10)
  A giant eyeball (D:10)
  2 oozes
  An adder skeleton (D:5)
  6 adder zombies
  8 worms
  5 giant geckos
  42 orcs
  9 bats
  3 giant cockroaches
  2 gnoll zombies (Ossuary)
  8 goblins
  7 hobgoblins
  16 jackals
  5 quokkas
  A ball python (D:6)
  A giant gecko skeleton (D:5)
  A giant gecko zombie (D:8)
  8 giant newts
  A goblin zombie (Ossuary)
  5 hobgoblin zombies (Ossuary)
  4 jackal zombies (Ossuary)
  16 kobolds
  A kobold zombie (Ossuary)
  A quokka skeleton (D:5)
  5 quokka zombies (Ossuary)
  11 rats
  4 rat zombies (Ossuary)
340 creatures vanquished.

Vanquished Creatures (collateral kills)
  5 orcs
5 creatures vanquished.

Vanquished Creatures (others)
  A hill giant (D:10)
  A slave (D:8)
  A centaur (D:10)
  A black bear (D:7)
  A killer bee (D:8)
  An adder (D:8)
6 creatures vanquished.

Grand Total: 351 creatures vanquished

Notes
Turn   | Place    | Note
--------------------------------------------------------------
     0 | D:1      | inmateoo the Gargoyle Chaos Knight began the quest for the Orb.
     0 | D:1      | Reached XP level 1. HP: 14/14 MP: 1/1
    46 | D:1      | XOM: harmless Fire miscast
   137 | D:1      | Reached skill level 1 in Dodging
   171 | D:1      | Reached XP level 2. HP: 17/19 MP: 2/2
   211 | D:1      | XOM: harmless Air miscast
   239 | D:1      | XOM: enchant monster (good)
   464 | D:1      | XOM: vitrification
   552 | D:1      | XOM: harmless Ice miscast
   836 | D:2      | XOM: snakes to sticks
   857 | D:2      | XOM: give mutations
   857 | D:2      | Gained mutation: Your mind is acute. (Int +2) [Xom's grace]
   857 | D:2      | Gained mutation: You are covered in fur (AC +1). [Xom's grace]
   867 | D:2      | XOM: polymorph ooze -> river rat
   930 | D:3      | Reached XP level 3. HP: 16/23 MP: 3/3
   963 | D:3      | XOM: vitrification
  1523 | D:3      | Found a radiant altar of Vehumet.
  1548 | D:3      | Reached XP level 4. HP: 27/29 MP: 4/4
  1585 | D:3      | XOM: 3-stop teleportation journey
  1706 | D:3      | Reached skill level 4 in Maces & Flails
  1837 | D:3      | XOM: god gift: 28 gold pieces
  2376 | D:2      | XOM: enchant monster (good)
  2385 | D:2      | Reached XP level 5. HP: 28/33 MP: 5/5
  2460 | D:2      | XOM: noise
  2550 | D:2      | XOM: smoke on damage
  2748 | D:2      | XOM: god gift: glowing hand crossbow {god gift}
  2780 | D:2      | XOM: polymorph gnoll -> giant newt
  3009 | D:4      | Noticed Dowan
  3089 | D:4      | XOM: summons friendly shadow imp
  3111 | D:4      | Found a staircase to the Ecumenical Temple.
  3239 | D:4      | Noticed Duvessa
  3240 | D:4      | XOM: enchant monster (good)
  3376 | D:4      | Reached XP level 6. HP: 36/39 MP: 6/6
  3471 | D:4      | XOM: swap monsters
  3472 | D:4      | XOM: cast spell 'Confusing Touch'
  3486 | D:4      | Killed Dowan
  3514 | D:4      | XOM: silly message
  3515 | D:4      | XOM: butterfly on damage
  3527 | D:4      | Reached skill level 5 in Maces & Flails
  3597 | D:4      | XOM: harmless Summ miscast
  4047 | D:4      | XOM: mild Ice miscast
  4240 | D:4      | XOM: confuse monster(s)
  4258 | D:4      | Reached XP level 7. HP: 41/44 MP: 7/7
  4268 | D:4      | XOM: silly message
  4327 | D:5      | Entered Level 5 of the Dungeon
  4632 | D:5      | XOM is BORED!
  4632 | D:5      | XOM: medium Summ miscast
  4633 | D:5      | Noticed a hellwing
  4653 | D:5      | Found a shimmering altar of Xom.
  4772 | D:5      | XOM: cast spell 'Confusing Touch'
  4778 | D:5      | Reached skill level 5 in Fighting
  4909 | D:5      | Noticed a wyvern
  4917 | D:5      | XOM: cast spell 'Confusing Touch'
  4924 | D:5      | Killed a wyvern
  4996 | D:5      | Reached skill level 6 in Maces & Flails
  5175 | D:5      | Reached XP level 8. HP: 45/50 MP: 8/8
  5404 | D:6      | Noticed Grinder
  5414 | D:6      | Killed Grinder
  5414 | D:6      | Reached skill level 5 in Armour
  5415 | D:6      | XOM: potion effect (berserk rage)
  5482 | D:6      | Found Recaut's Jewellery Emporium.
  5486 | D:6      | XOM: harmless Erth miscast
  5489 | D:6      | XOM: divination: detect items
  5553 | D:6      | Reached skill level 7 in Maces & Flails
  5616 | D:6      | Found a basalt altar of Yredelemnul.
  5803 | D:6      | XOM: silly message
  5829 | D:6      | XOM: butterfly on damage
  5845 | D:6      | XOM: silly message
  6220 | D:6      | XOM: colour smoke trail
  6332 | D:6      | Found a shimmering altar of Xom.
  6636 | D:7      | Reached XP level 9. HP: 55/55 MP: 9/9
  6655 | D:7      | Found a sand-covered staircase.
  6659 | Ossuary  | Entered an ossuary
  6721 | Ossuary  | XOM: noise
  6935 | Ossuary  | XOM: noise
  6946 | Ossuary  | XOM: enchant monster (good)
  7082 | Ossuary  | Reached skill level 8 in Maces & Flails
  7158 | D:7      | Noticed Pikel
  7166 | D:7      | XOM: summons friendly shadow imp
  7194 | D:7      | XOM: swap monsters
  7216 | D:7      | Killed Pikel
  7474 | D:7      | XOM: vitrification
  7743 | D:7      | Reached skill level 5 in Dodging
  7763 | D:7      | XOM: harmless Erth miscast
  7801 | D:7      | XOM: god gift: scroll of fog
  7883 | D:7      | XOM: summons 4 hostile demons
  7921 | D:7      | Got a faintly humming ring mail
  7932 | D:7      | Identified the +2 ring mail "Tofot" {Regen+} (You found it on level 7 of the Dungeon)
  8083 | D:8      | XOM: summons friendly ufetubus
  8092 | D:8      | XOM: confuse monster(s)
  8143 | D:8      | XOM: summons 2 hostile demons
  8144 | D:8      | Noticed an orange demon
  8144 | D:8      | XOM: draining
  8146 | D:8      | XOM: silly message
  8207 | D:8      | XOM: mild Necr miscast
  8215 | D:8      | Reached skill level 9 in Maces & Flails
  8248 | D:8      | XOM: silly message
  8276 | D:8      | XOM: confusion (+ monsters)
  8293 | D:8      | XOM: harmless Hex miscast
  8294 | D:8      | Found a staircase to the Lair.
  8294 | D:8      | XOM: 2-stop teleportation journey
  8295 | D:8      | Noticed a fire drake
  8295 | D:8      | Noticed a hill giant
  8299 | D:8      | XOM: butterfly on damage
  8300 | D:8      | XOM: cast spell 'Hydra Form'
  8313 | D:8      | XOM: confuse monster(s)
  8428 | D:8      | Reached XP level 10. HP: 63/63 MP: 10/10
  8514 | D:8      | XOM: 9-stop teleportation journey
  8561 | D:8      | XOM: 2-stop teleportation journey
  8655 | D:8      | XOM: harmless Trmt miscast
  8675 | D:8      | Killed a fire drake
  8723 | D:8      | Found a bloodstained altar of Trog.
  8831 | D:9      | XOM: stealth player
  9106 | D:9      | XOM: cast spell 'Monstrous Menagerie'
  9174 | D:9      | XOM: vitrification
  9409 | D:9      | XOM: confuse monster(s)
  9496 | D:9      | Found a staircase to the Orcish Mines.
  9498 | D:9      | Found a deep blue altar of Sif Muna.
  9512 | D:9      | Reached skill level 10 in Maces & Flails
  9562 | D:9      | Found a shadowy altar of Dithmenos.
  9562 | D:9      | XOM: god gift: glowing naga barding {god gift}
  9575 | D:9      | Found a radiant altar of Vehumet.
  9632 | D:9      | Found a stormy altar of Qazlal.
  9632 | D:9      | Found a shattered altar of Ashenzari.
  9712 | D:9      | Got a warped war axe
  9713 | D:9      | Identified the +8 war axe of Fortitude {chop, MP+9} (You found it on level 9 of the Dungeon)
  9800 | D:9      | Noticed a centaur warrior
  9806 | D:9      | XOM: confuse monster(s)
  9812 | D:9      | Killed a centaur warrior
 10007 | D:10     | XOM: stealth player
 10007 | D:10     | Entered Level 10 of the Dungeon
 10092 | D:10     | XOM: polymorph orc priest -> giant eyeball
 10095 | D:10     | Reached skill level 5 in Axes
 10095 | D:10     | Reached XP level 11. HP: 57/68 MP: 11/11
 10101 | D:10     | XOM: summons 2 friendly demons
 10237 | D:10     | Found a bloodstained altar of Trog.
 10311 | D:10     | XOM: colour smoke trail
 10337 | D:10     | Noticed a hill giant
 10347 | D:10     | Killed a hill giant
 10391 | D:10     | XOM: potion effect (heal wounds)
 10393 | D:10     | XOM: enchant monster (good)
 10432 | D:10     | Noticed Gastronok
 10436 | D:10     | XOM: enchant monster (good)
 10439 | D:10     | XOM: harmless Tloc miscast
 10459 | D:10     | Killed Gastronok
 10626 | D:10     | Noticed Nergalle
 10626 | D:10     | XOM: chaos cloud
 10633 | D:10     | Killed Nergalle
 10699 | D:10     | Noticed a hill giant
 10700 | D:10     | Noticed Joseph
 10702 | D:10     | Killed a hill giant
 10702 | D:10     | XOM: divine lightning
 10705 | D:10     | Noticed Joseph
 10705 | D:10     | Joseph changed into Joseph the black bear
 10705 | D:10     | XOM: polymorph Joseph -> Joseph the black bear
 10708 | D:10     | Killed Joseph the black bear
 10820 | D:10     | Noticed Harold
 10834 | D:10     | Killed Harold
 10905 | D:10     | XOM: mild Necr miscast
 10984 | D:11     | Found a frozen archway.
 10984 | D:11     | Noticed a hill giant
 10987 | D:11     | XOM: summons friendly quasit
 10996 | D:11     | XOM: divination: detect items
 10997 | D:11     | Killed a hill giant
 10997 | D:11     | Reached skill level 10 in Axes
 10997 | D:11     | Reached XP level 12. HP: 50/75 MP: 12/12
 11089 | IceCv    | Entered an ice cave
 11469 | D:11     | XOM: harmless Chrm miscast
 11639 | D:11     | XOM: harmless Divn miscast
 11652 | D:11     | XOM: god gift: helmet {god gift}
 11711 | D:12     | XOM: butterfly on damage
 12020 | D:12     | XOM: enchant monster (good)
 12026 | D:12     | XOM: swap monsters
 12030 | D:12     | Reached skill level 11 in Axes
 12094 | D:12     | Killed from afar by a molten gargoyle

Action                   |  1- 3 |  4- 6 |  7- 9 | 10-12 || total
-------------------------+-------+-------+-------+-------++-------
Melee: Mace              |   114 |    61 |       |       ||   175
       Flail             |       |   164 |   538 |       ||   702
       Morningstar       |       |       |   126 |   226 ||   352
       War axe           |       |       |       |   311 ||   311
Evoke: Wand              |       |       |     2 |       ||     2
  Use: Scroll            |       |    13 |    10 |     4 ||    27
       Potion            |       |     2 |     7 |     4 ||    13
 Stab: Paralysed         |     1 |     1 |       |     2 ||     4
       Confused          |       |     1 |     1 |       ||     2
       Invisible         |       |       |     1 |       ||     1
       Distracted        |       |       |     1 |       ||     1
       Sleeping          |       |       |       |     1 ||     1
       Petrified         |       |       |       |     5 ||     5
       Petrifying        |       |       |       |     1 ||     1
  Eat: Chunk             |     2 |     8 |    14 |    12 ||    36
       Pizza             |       |       |     2 |       ||     2
       Beef jerky        |       |       |       |     1 ||     1
